Map: Blackpink LE

Players

itsRemake

  • Race: Protoss Protoss
  • League: Master
  • Spawn Location: 1:00

Earendil - Winner!

  • Race: Terran Terran
  • League: Master
  • Spawn Location: 7:00

VOD

Have the link to the VOD?

Description

Time

  • Played on: March 8, 2018, 3:25 p.m.
  • Length: 16:42
Show
View Real Time Build Order
Export as new Build Order

itsRemake Protoss 

Build Orders: Phoenix Opening 

Get SALT Encoding   

  12  0:00  Probe  
  13  0:12  Probe  
  14  0:17  Pylon  
  14  0:25  Probe (Chrono Boost)  
  15  0:37  Probe (Chrono Boost)  
  15  0:40  Gateway  
  16  0:44  Probe (Chrono Boost)  
  16  0:46  Assimilator  
  17  0:51  Probe  
  18  1:03  Probe  
  19  1:15  Probe  
  20  1:26  Zealot (Chrono Boost)  
  20  1:27  Probe, Pylon  
  23  1:35  Cybernetics Core  
  23  1:43  Assimilator  
  23  1:45  Probe  
  24  1:58  Probe  
  25  2:06  Nexus  
  25  2:13  Adept (Chrono Boost)  
  26  2:17  Probe  
  27  2:29  Warp Gate, Probe  
  28  2:33  Sentry  
  30  2:42  Robotics Facility, Probe  
  31  3:06  Pylon  
  31  3:13  Forge  
  31  3:18  Sentry, Probe (Chrono Boost)  
  31  3:19  Probe (Chrono Boost)  
  36  3:27  Probe x2 (Chrono Boost)  
  36  3:32  Probe  
  36  3:33  Probe  
  36  3:34  Immortal  
  42  3:37  Phoenix  
  43  3:44  Probe, Twilight Council  
  43  3:45  Probe  
  45  3:56  Protoss Ground Weapons Level 1 (Chrono Boost)  
  45  3:57  Probe  
  45  3:58  Assimilator  
  45  3:59  Probe  
  47  4:08  Pylon  
  47  4:09  Probe  
  48  4:12  Probe (Chrono Boost)  
  48  4:17  Observer  
  50  4:22  Probe (Chrono Boost)  
  52  4:25  Phoenix  
  52  4:29  Probe (Chrono Boost)  
  52  4:30  Resonating Glaives  
  53  4:31  Probe (Chrono Boost)  
  53  4:35  Gateway x2  
  53  4:38  Probe  
  53  4:39  Probe  
  55  4:48  Immortal  
  55  4:50  Probe  
  60  5:05  Probe  
  60  5:06  Probe  
  61  5:18  Probe  
  62  5:28  Pylon x2  
  62  5:31  Pylon  
  62  5:32  Shield Battery  
  62  5:33  Shield Battery  
  62  5:35  Shield Battery  
  62  5:46  Immortal, Probe  
  62  5:47  Protoss Ground Armor Level 1 (Chrono Boost)  
  62  5:49  Adept x3  
  71  5:56  Probe  
  72  6:05  Gateway  
  72  6:07  Gateway  
  72  6:09  Adept x3  
  78  6:16  Pylon  
  78  6:18  Pylon  
  78  6:25  Immortal  
  76  6:30  Adept x3  
  70  6:38  Probe  
  70  6:39  Probe  
  72  6:45  Nexus  
  72  6:47  Pylon  
  72  6:50  Probe  
  72  6:51  Blink, Probe  
  72  6:52  Sentry x2  
  72  6:53  Sentry  
  80  7:02  Probe  
  80  7:03  Probe  
  80  7:04  Immortal  
  86  7:11  Adept x2  
  86  7:14  Probe  
  86  7:15  Probe  
  92  7:20  Pylon  
  92  7:21  Protoss Ground Weapons Level 2 (Chrono Boost)  
  92  7:28  Probe  
  93  7:35  Adept x2  
  93  7:36  Adept  
  99  7:42  Adept x2  
  99  7:43  Warp Prism  
  105  7:50  Probe x2  
  107  7:57  Pylon  
  107  7:58  Pylon  
  107  8:00  Pylon  
  107  8:03  Adept x3  
  113  8:09  Adept  
  109  8:26  Stalker  
  109  8:27  Stalker x3  
  117  8:36  Pylon  
  117  8:38  Pylon  
  117  8:39  Gateway  
  117  8:43  Gateway  
  117  8:44  Assimilator, Probe x3  
  117  8:46  Assimilator, Gateway  
  118  8:57  Adept x3  
  118  8:58  Adept x2  
  96  9:15  Probe x2  
  73  9:29  Adept x2  
  73  9:30  Adept x3  
  79  9:40  Probe  
  79  9:45  Nexus, Probe  
  71  9:46  Pylon  
  71  9:52  Probe  
  74  9:57  Probe  
  71  10:06  Probe  
  72  10:09  Probe  
  72  10:14  Pylon  
  73  10:15  Robotics Facility  
  73  10:16  Adept x6  
  73  10:17  Adept  
  87  10:28  Stalker  
  89  10:38  Adept x4  
  89  10:39  Adept  
  99  10:42  Stalker  
  95  10:57  Stalker  
  95  10:58  Stalker  
  99  11:06  Immortal (Chrono Boost)  
  99  11:07  Probe x2  
  99  11:08  Probe  
  106  11:19  Probe  
  106  11:25  Adept x4  
  109  11:28  Probe x2  
  109  11:31  Probe  
  118  11:40  Probe  
  118  11:41  Probe  
  118  11:43  Adept  
  118  11:44  Adept x3  
  128  11:52  Stalker x2  
  132  11:59  Adept x2  
  134  12:10  Adept x4  
  129  12:30  Stalker x3  
  135  12:37  Probe  
  135  12:38  Immortal (Chrono Boost)  
  140  12:53  Nexus  
  140  12:54  Assimilator, Pylon  
  140  12:58  Adept  
  140  12:59  Adept x4  
  90  13:23  Stalker x4  
  95  13:33  Assimilator, Probe x3  
  98  13:36  Assimilator  
  98  13:41  Warp Prism (Chrono Boost)  
  98  13:47  Adept  
  98  13:48  Adept x5  
  106  13:50  Probe x2  
  106  13:51  Probe  
  106  13:53  Protoss Ground Armor Level 2 (Chrono Boost)  
  115  13:55  Pylon  
  115  14:03  Probe  
  115  14:04  Probe x2  
  115  14:09  Adept  
  120  14:10  Adept x4  
  120  14:12  Adept  
  116  14:33  Stalker x3  
  116  14:34  Stalker x2  
  116  14:35  Probe  
  116  14:36  Probe x2  
  129  14:51  Robotics Bay  
  129  14:53  Stalker x3  
  135  15:01  Probe x2  
  135  15:02  Probe x2  
  139  15:08  Robotics Facility  
  139  15:19  Probe x3  
  139  15:20  Probe  
  130  15:25  Stalker  
  130  15:26  Stalker x3  
  122  15:31  Probe  
  122  15:34  Probe  
  119  15:45  Probe x3  
  119  15:46  Probe  
  121  15:55  Colossus (Chrono Boost)  
  121  15:57  Probe x3  
  121  15:58  Probe  
  137  16:18  Adept  
  137  16:19  Adept x2  
  111  16:37  Adept x2  
Show
View Real Time Build Order
Export as new Build Order

Earendil Terran - Winner!

Build Orders: Reaper Expand, MMM Bio 

Get SALT Encoding   

  12  0:01  SCV  
  13  0:13  SCV  
  14  0:17  Supply Depot  
  14  0:25  SCV  
  15  0:39  SCV  
  15  0:40  Barracks  
  16  0:46  Refinery  
  16  0:51  SCV  
  17  1:03  SCV  
  18  1:15  SCV  
  19  1:22  Engineering Bay  
  19  1:29  Orbital Command, Reaper  
  20  1:57  Command Center  
  20  2:00  Refinery  
  21  2:08  SCV  
  21  2:19  Supply Depot  
  21  2:20  Barracks Reactor, SCV  
  22  2:25  Factory  
  22  2:32  SCV  
  23  2:38  Barracks  
  23  2:44  SCV  
  24  2:56  SCV  
  24  2:58  Marine x2  
  27  3:09  SCV  
  28  3:13  Factory Tech Lab  
  28  3:17  Starport  
  28  3:20  Marine x2  
  28  3:21  SCV  
  31  3:33  Barracks Tech Lab, SCV  
  32  3:34  Siege Tank  
  32  3:38  Marine x2  
  32  3:39  Orbital Command  
  37  3:47  SCV  
  38  3:55  Marine  
  39  3:56  Stimpack, Starport Reactor, Marine  
  39  3:59  SCV  
  39  4:02  Supply Depot  
  41  4:09  SCV  
  42  4:11  SCV  
  42  4:14  Marine x2  
  45  4:23  Siege Tank  
  48  4:26  Supply Depot  
  48  4:27  Supply Depot  
  48  4:32  Marine x3  
  51  4:40  SCV x2  
  53  4:47  Medivac x2  
  53  4:52  SCV  
  58  4:56  SCV  
  59  5:04  SCV  
  60  5:07  Marine x3  
  60  5:08  Siege Tank  
  60  5:12  SCV  
  67  5:16  SCV  
  67  5:19  Command Center  
  67  5:25  SCV  
  67  5:26  Barracks  
  68  5:28  SCV  
  68  5:29  Supply Depot  
  69  5:36  Supply Depot  
  69  5:39  SCV  
  70  5:51  Medivac, SCV x2  
  70  5:53  Medivac  
  70  5:54  Marine x2  
  78  5:58  Marine  
  78  6:00  Combat Shields  
  78  6:03  SCV  
  80  6:06  SCV  
  81  6:15  SCV  
  77  6:28  Marine x4  
  77  6:29  Siege Tank  
  74  6:33  SCV  
  74  6:34  SCV  
  74  6:35  Orbital Command  
  76  6:41  Refinery x2  
  76  6:45  SCV  
  76  6:46  Barracks, Marine x3, SCV  
  82  6:47  Barracks  
  82  6:57  Barracks Reactor  
  82  6:58  SCV x2  
  83  7:04  Marine x2  
  85  7:08  Marine, Siege Tank  
  85  7:10  SCV x2  
  85  7:12  SCV  
  92  7:21  Marine  
  92  7:22  Marine, SCV x2  
  92  7:24  SCV  
  92  7:26  Medivac x2, Marine  
  98  7:34  SCV x2  
  98  7:35  Engineering Bay  
  98  7:36  Engineering Bay, Supply Depot, Barracks Reactor x2, SCV  
  101  7:38  Supply Depot  
  101  7:54  Supply Depot x2  
  101  7:57  Marine x5  
  101  7:58  Siege Tank  
  109  7:59  Refinery, SCV x3  
  109  8:01  Refinery  
  109  8:02  Missile Turret  
  109  8:03  Command Center  
  109  8:04  Missile Turret  
  109  8:05  Terran Infantry Weapons Level 1  
  112  8:08  Missile Turret  
  112  8:09  Terran Infantry Armor Level 1  
  112  8:11  SCV x2  
  114  8:15  Marine x4, Liberator  
  108  8:25  Marine x2  
  108  8:26  Marine x3  
  113  8:31  Siege Tank  
  113  8:33  Marine x4  
  123  8:38  SCV x3  
  126  8:41  Supply Depot  
  126  8:42  Supply Depot  
  126  8:43  Armory, Supply Depot, Marine  
  125  8:52  Marine x6  
  111  9:05  Marine x2  
  111  9:06  Marine  
  90  9:10  Marine x3  
  90  9:11  Marine x3  
  77  9:18  Medivac x2  
  77  9:20  SCV x3  
  77  9:23  Marine x3  
  83  9:28  Marine  
  81  9:32  SCV x2  
  75  9:41  Marine x5  
  75  9:43  SCV  
  76  9:49  Orbital Command  
  72  10:07  Marine x3  
  72  10:08  Marine x2  
  72  10:11  SCV  
  78  10:16  SCV  
  78  10:17  SCV  
  78  10:18  Marine  
  81  10:33  SCV x3  
  81  10:34  SCV  
  85  10:38  Terran Infantry Weapons Level 2  
  85  10:39  Marine  
  86  10:45  SCV  
  75  11:02  Liberator  
  68  11:05  Marine x4  
  68  11:06  Marine x5  
  68  11:09  SCV  
  68  11:10  SCV x3  
  81  11:12  Siege Tank  
  84  11:22  SCV x4  
  84  11:23  Marine x4  
  95  11:26  Marine x3  
  95  11:27  Marine x2  
  100  11:33  Terran Infantry Armor Level 2  
  100  11:34  SCV x3  
  103  11:41  Marine x4  
  103  11:42  SCV  
  103  11:46  SCV x3  
  111  11:49  Marine x4  
  111  11:50  Marine  
  116  11:58  SCV x2  
  116  11:59  Marine x4  
  122  12:12  Orbital Command  
  122  12:13  Marine x3  
  115  12:28  Supply Depot  
  115  12:29  Supply Depot  
  115  12:31  Supply Depot  
  115  12:34  Liberator  
  115  12:35  Liberator  
  113  12:40  Orbital Command  
  108  12:50  Marine x5, SCV x3  
  108  12:51  Marine x4  
  123  12:55  Supply Depot  
  123  12:56  Terran Infantry Weapons Level 3  
  123  12:57  Supply Depot  
  126  13:01  Siege Tank  
  126  13:02  SCV x2  
  131  13:08  Marine  
  102  13:23  Marine x4  
  104  13:27  Marine x5  
  104  13:29  SCV x3  
  104  13:30  SCV  
  113  13:37  Cyclone  
  113  13:38  Liberator x2  
  113  13:40  Marine x2  
  113  13:41  Marine, SCV x3  
  122  13:53  Marine x6  
  134  13:56  Terran Infantry Armor Level 3  
  134  13:58  Marine  
  134  14:02  SCV x4  
  139  14:04  Marine x2  
  139  14:07  Supply Depot x2  
  144  14:10  Cyclone  
  144  14:11  Marine x3  
  144  14:13  Marine  
  148  14:18  Marine  
  148  14:21  Marine, Liberator x2  
  142  14:31  Marine x3  
  142  14:32  Marine x4  
  142  14:35  Starport  
  142  14:38  Marine x2  
  156  14:39  SCV x4  
  161  14:49  Marine x3  
  161  14:52  Supply Depot x2  
  164  14:56  Refinery, Supply Depot  
  164  14:58  Refinery  
  164  15:13  Marine, SCV  
  166  15:16  Command Center  
  166  15:21  Medivac x2  
  144  15:37  Marine x6  
  144  15:41  Marine x3  
  144  15:42  Siege Tank  
  154  15:43  SCV x2  
  154  15:44  SCV x2  
  154  15:45  Starport Reactor  
  155  15:51  Medivac x2  
  155  15:55  Marine x6, SCV  
  166  15:59  Marine x3  
  169  16:04  SCV  
  169  16:05  SCV x2  
  169  16:08  SCV  
  173  16:12  Marine x2  
  173  16:13  Marine x2  
  173  16:17  Marine x4, SCV x2  
  186  16:19  Marine  
  174  16:37  Refinery  
  173  16:40  Refinery  
Tags
 
Add a new tag
Caveats
  • Supply blocks, unpowered buildings, or Contaminate may cause inaccurate times.
  • Supply counts are checked every 10 seconds.